AoeStats
← AloneArcher

Four Lakes

508574957Analyzed
1v1 RM · 10d ago on Sep 23, 2026· 60m 17s· 2 players
Game mode
Random Map
Map size
Tiny (2 player)
Population
200
Speed
Normal
Resources
Standard
Victory
Conquest
Starting age
Dark Age
Ending age
Imperial Age
RankedLock teamsTeams togetherTeam positionsShared explorationLock speedFull tech treeHidden civsTurbo modeCheats
Victory
Defeat
🇹🇷 Turks · Türkiye
720
+13
🇺🇸 Saxons · United States
664
-13
Logadice
4:54 Loom
12:31 Feudal Age
12:59 Double-Bit Axe
13:05 Fishing Lines
14:30 Wheelbarrow
19:56 Castle Age
18:06 Gold Mining
19:25 Stone Mining
20:41 Forging
20:35 Scale Mail Armor
20:32 Fletching
20:43 Padded Archer Armor
21:06 Hand Cart
21:02 Bow Saw
21:26 Gillnets
21:17 Man-at-Arms
21:44 Horse Collar
25:23 Forging
27:43 Iron Casting
27:09 Scale Mail Armor
28:08 Long Swordsman
29:18 Gambesons
30:22 Heavy Plow
30:47 Bodkin Arrow
31:09 Leather Archer Armor
35:13 Imperial Age
33:30 Ballistics
32:53 Treadmill Crane
34:36 Thumb Ring
36:25 Gold Shaft Mining
35:18 Elite Skirmisher
37:01 Crop Rotation
37:34 Two-Man Saw
38:06 Elite Varangian Guard
38:16 Cranequins
38:17 Heavy Mounted Crossbowman
42:56 Conscription
42:46 Shield Wall
43:51 Town Watch
45:00 Scale Barding Armor
44:59 Bracer
45:31 Ring Archer Armor
45:32 Bloodlines
45:23 Husbandry
44:44 Light Cavalry
47:05 Town Patrol
48:41 Chemistry
47:47 Siege Engineers
48:10 Hussar
AloneArcher
11:22 Feudal Age
12:32 Man-at-Arms
13:16 Double-Bit Axe
13:22 Fishing Lines
14:02 Horse Collar
16:41 Gold Mining
20:44 Castle Age
21:44 Bow Saw
24:34 Heavy Plow
24:44 Stone Mining
25:45 Gold Shaft Mining
25:40 Gillnets
31:28 Imperial Age
32:37 Wheelbarrow
31:47 Town Watch
31:48 Loom
34:03 Two-Man Saw
37:04 Heavy Camel Rider
37:54 Scale Barding Armor
37:50 Padded Archer Armor
37:57 Scale Mail Armor
37:48 Fletching
38:09 Forging
38:53 Bombard Tower
39:21 Elite Janissary
40:39 Conscription
43:29 Chain Barding Armor
43:24 Leather Archer Armor
43:05 Bodkin Arrow
43:45 Iron Casting
43:26 Chain Mail Armor
44:54 Hand Cart
44:40 Town Patrol
45:47 Plate Barding Armor
46:42 Ring Archer Armor
46:23 Bracer
46:49 Bloodlines
Connection lost

Rejoining the realm…

Still unreachable

The connection could not be restored.

Session expired

The server has moved on; the page needs a fresh start.